 Dungeon Crawl Stone Soup version 0.29.1-1-gd02db6906a (webtiles) character file.

Game seed: 3894164919887253729

1862 warriortoast the Thaumaturge (level 8, -4/41 HPs)
             Began as a Deep Elf Conjurer on Oct 18, 2022.
             Was an Initiate of Vehumet.
             Slain by a gnoll sergeant
             ... wielding a +0 trident
              (7 damage)
             ... on level 6 of the Dungeon.
             The game lasted 00:18:26 (7962 turns).

warriortoast the Thaumaturge (Deep Elf Conjurer)    Turns: 7962, Time: 00:18:28

Health: -4/41      AC:  2    Str:  6    XL:     8   Next: 90%
Magic:  2/23       EV: 12    Int: 26    God:    Vehumet [......]
Gold:   287        SH:  0    Dex: 15    Spells: 14/26 levels left

rFire   . . .      SeeInvis .   x - +10 rapier of Anguish {elec, rN++ Str+2 Dex+2}
rCold   . . .      Faith    .   (no shield)
rNeg    + + .      Spirit   .   a - +0 robe
rPois   .          Reflect  .   (no helmet)
rElec   .          Harm     .   (no cloak)
rCorr   .          Rampage  .   (no gloves)
Will    .....                   (no boots)
Stlth   ++........              (no amulet)
HPRegen 0.13/turn               (no ring)
MPRegen 0.18/turn               (no ring)

@: very slightly contaminated
A: no striking features
a: Renounce Religion


You were on level 6 of the Dungeon.
You worshipped Vehumet.
Vehumet was noncommittal.
You visited 2 branches of the dungeon, and saw 7 of its levels.

You collected 287 gold pieces.

Inventory:

Hand Weapons
 g - a +0 dagger
 m - a +2 long sword of holy wrath
 w - the +3 hammer "Leypseku" {vamp, Fly}
   (You found it on level 3 of the Dungeon)

   It occasionally heals its wielder for a portion of the damage dealt when it
   wounds a living foe.
   Fly:       It grants you flight.
 x - the +10 rapier of Anguish (weapon) {elec, rN++ Str+2 Dex+2}
   (You found it on level 3 of the Dungeon)

   It occasionally discharges a powerful burst of electricity upon striking a
   foe.
   Str:       It affects your strength (+2).
   Dex:       It affects your dexterity (+2).
   rN:        It greatly protects you from negative energy.
Armour
 a - a +0 robe (worn)
 s - an orb of guile
 v - a +0 cloak
Jewellery
 k - a ring of willpower
 l - an amulet of reflection
Wands
 q - a wand of polymorph (5)
Scrolls
 c - a scroll of teleportation {unknown}
 d - a scroll of vulnerability {unknown}
 i - 3 scrolls of identify {unknown}
 j - 3 scrolls of immolation {unknown}
 r - 2 scrolls of butterflies {unknown}
 y - a scroll of blinking {unknown}
 z - a scroll of fear {unknown}
 A - a scroll of enchant armour {unknown}
Potions
 b - a potion of magic
 e - 2 potions of degeneration {unknown}
 f - 2 potions of heal wounds {unknown}
 h - 3 potions of brilliance {unknown}
 n - a potion of invisibility {unknown}
 o - a potion of flight {unknown}
 p - 2 potions of haste {unknown}
 t - 2 potions of curing {unknown}
 u - 2 potions of berserk rage {unknown}


   Skills:
 - Level 2.4 Dodging
 - Level 2.4 Stealth
 + Level 9.5 Spellcasting
 + Level 8.7 Conjurations
 - Level 8.0 Hexes


You had 14 spell levels left.
You knew the following spells:

 Your Spells              Type           Power      Damage    Failure   Level
a - Magic Dart            Conj           100%       1d8       1%          1
b - Dazzling Flash        Conj/Hex       100%       N/A       1%          3
c - Fulminant Prism       Conj/Hex       27%        3d14      1%          4
d - Iskenderun's Mystic   Conj/Tloc      35%        2d8       8%          4

Your spell library contained the following spells:

 Spells                   Type           Power      Damage    Failure   Level
 Shock                    Conj/Air       100%       1d9       1%          1
 Slow                     Hex            100%       N/A       1%          1
 Searing Ray              Conj           100%       2d8       1%          2
 Confusing Touch          Hex            52%        N/A       1%          3
 Swiftness                Air            12%        N/A       14%         3
 Vampiric Draining        Necr           12%        2d6       14%         3
 Airstrike                Air            6%         2d(1-17)  43%         4
 Starburst                Conj/Fire      17%        6d6       77%         6


Dungeon Overview and Level Annotations

Branches:
Dungeon (6/15)             Temple (1/1) D:5

Altars:
Dithmenos
Nemelex Xobeh
Sif Muna
Uskayaw
Vehumet
Wu Jian
Xom
The Shining One


Message History

The gnoll sergeant barely misses you.
The magic dart hits the gnoll sergeant.
The gnoll sergeant is severely wounded.
The gnoll sergeant hits you from afar with a +0 trident.
The magic dart hits the gnoll sergeant.
The gnoll sergeant is almost dead.
The gnoll sergeant hits you from afar with a +0 trident!
Casting: Magic Dart (safe; 1% risk of failure)
Confirm with . or Enter, or press ? or * to list all spells.
The spell is quite dangerous to miscast (8% risk of failure)!
Continue anyway? [Y]es or [N]o only, please.
The spell is quite dangerous to miscast (8% risk of failure)!
Continue anyway? [Y]es or [N]o only, please.
The spell is quite dangerous to miscast (8% risk of failure)!
Continue anyway?
Okay, then.
Casting: Iskenderun's Mystic Blast (quite dangerous; 8% risk of failure)
Confirm with . or Enter, or press ? or * to list all spells.
Aiming: Fulminant Prism (dangerous; 1% risk of failure)
Press: ? - help, Dir - move target, f/p - gnoll sergeant
Aim: a gnoll sergeant, wielding a +0 trident and wearing a +0 scale mail (almost dead)
Okay, then.
Casting: Fulminant Prism (dangerous; 1% risk of failure)
Confirm with . or Enter, or press ? or * to list all spells.
The spell is quite dangerous to miscast (8% risk of failure)!
Continue anyway?
You miscast Iskenderun's Mystic Blast.
You are very lightly contaminated with residual magic.
Nothing appears to happen.
The gnoll sergeant hits you from afar with a +0 trident!
* * * LOW HITPOINT WARNING * * *
You are too injured to fight recklessly!
You are too injured to fight recklessly!
Casting: Iskenderun's Mystic Blast (quite dangerous; 8% risk of failure)
Confirm with . or Enter, or press ? or * to list all spells.
Aiming: Magic Dart (safe; 1% risk of failure)
Press: ? - help, Shift-Dir - straight line, f/p - gnoll sergeant
Aim: a gnoll sergeant, wielding a +0 trident and wearing a +0 scale mail (almost dead, 100% to hit)
The magic dart hits the gnoll sergeant.
The gnoll sergeant is almost dead.
The gnoll sergeant hits you from afar with a +0 trident!
You die...

............)...#.#
)............ #..#
#)###...##### #.##
#.###...###### #.#
#.#..........# #.#
#.#.#....###.# #.#
#.#.#.....##.# #g#
..#.#.....##.# #.#####
###.#<....##.# #@....#
#..........###.##.##
#######....>..#.#.†'.l≈≈§
#.....#####.#####≈....
#..#...# .# ...§ #...#.#.
.# ..≈ ..###...#. .# .. .
##.# .# .# . #.# # ##


You could see a gnoll sergeant.

Vanquished Creatures
  A steam dragon (D:6)
  A water moccasin (D:5)
  A black bear (D:5)
  2 phantoms
  4 necrophages (D:5)
  A scorpion (D:6)
  A water moccasin zombie (D:5)
  A wight (D:5)
  2 bullfrog zombies (D:5)
  A human zombie (D:5)
  3 hounds
  Crazy Yiuf (D:3)
  5 orc priests
  A jelly (D:5)
  A scorpion zombie (D:5)
  Natasha (thrice) (D:3)
  Terence (D:3)
  5 iguanas
  An orc wizard (D:4)
  A killer bee zombie (D:5)
  A hound zombie (D:5)
  2 mummies (D:5)
  9 adders
  3 gnolls (D:4)
  An adder zombie (D:5)
  2 worms (D:2)
  4 dart slugs
  22 orcs
  4 endoplasms
  4 giant cockroaches
  11 goblins
  5 hobgoblins
  4 jackals
  6 quokkas
  7 ball pythons
  4 bats
  A frilled lizard (D:3)
  5 kobolds
  5 rats
137 creatures vanquished.

Vanquished Creatures (others)
  28 fulminant prisms
28 creatures vanquished.

Grand Total: 165 creatures vanquished

Notes
Turn   | Place    | Note
-------+----------+-------------------------------------------
     0 | D:1      | warriortoast the Deep Elf Conjurer began the quest for the
                  | Orb.
     0 | D:1      | Reached XP level 1. HP: 10/10 MP: 6/6
   272 | D:1      | Reached XP level 2. HP: 15/15 MP: 4/8
   399 | D:1      | Found a faded altar of an unknown god.
   789 | D:1      | Reached skill level 4 in Spellcasting
   970 | D:2      | Reached skill level 5 in Conjurations
   970 | D:2      | Reached XP level 3. HP: 19/19 MP: 2/10
   975 | D:2      | Learned a level 3 spell: Dazzling Flash
  1421 | D:2      | Reached skill level 1 in Hexes
  1645 | D:2      | Reached XP level 4. HP: 24/24 MP: 10/12
  2146 | D:3      | Noticed Natasha
  2154 | D:3      | Killed Natasha
  2280 | D:3      | Found a shimmering altar of Xom.
  2293 | D:3      | Noticed Terence
  2314 | D:3      | Killed Terence
  2315 | D:3      | Reached skill level 5 in Spellcasting
  2437 | D:3      | Reached XP level 5. HP: 28/28 MP: 12/14
  2853 | D:3      | Found a runed translucent door.
  2854 | D:3      | Noticed Crazy Yiuf
  2866 | D:3      | Killed Crazy Yiuf
  2871 | D:3      | Identified the +3 hammer "Leypseku" {vamp, Fly}
  3210 | D:3      | Identified the +10 rapier of Anguish {elec, rN++ Str+2
                  | Dex+2}
  3319 | D:3      | Noticed Natasha
  3326 | D:3      | Killed Natasha
  3484 | D:3      | Noticed Natasha
  3491 | D:3      | Killed Natasha
  3881 | D:4      | Reached XP level 6. HP: 32/32 MP: 11/16
  4240 | D:4      | Reached skill level 6 in Spellcasting
  4270 | D:4      | Found a glowing golden altar of the Shining One.
  4627 | D:4      | Learned a level 4 spell: Fulminant Prism
  4632 | D:4      | Learned a level 4 spell: Iskenderun's Mystic Blast
  5259 | D:5      | Entered Level 5 of the Dungeon
  5277 | D:4      | Reached skill level 5 in Hexes
  5277 | D:4      | Reached XP level 7. HP: 6/36 MP: 7/18
  5687 | D:5      | Reached skill level 7 in Spellcasting
  6181 | D:5      | Reached XP level 8. HP: 33/41 MP: 16/21
  6261 | D:5      | Found a staircase to the Ecumenical Temple.
  6270 | Temple   | Entered the Ecumenical Temple
  6278 | Temple   | Became a worshipper of Vehumet
  6520 | D:5      | Reached skill level 8 in Spellcasting
  7410 | D:6      | Reached skill level 9 in Spellcasting
  7961 | D:6      | HP: 2/41 [gnoll sergeant/+0 trident (11)]
  7962 | D:6      | Slain by a gnoll sergeant

Illustrated notes

Levels and vault maps discovered:
D:1:      dpeg_arrival_tiny_c, layout_loops_ring,
          dilly_ecumenical_altar_fadedgnrine
D:2:      layout_loops_ring, corner_web_ring, kennysheep_minor_cross,
          feat_on_display
D:3:      layout_loops_ring, mainiacjoe_overflow_tiny_flanked, st_stairs_11,
          uniq_terence, uniq_natasha, uniq_crazy_yiuf_cottage
D:4:      layout_basic, tso_metal_star
D:5:      layout_basic, lemuel_mausoleum_altar_kikubaaqudgha,
          minmay_temple_entry_antechambers, grunt_decor_arrowhead
D:6:      layout_loops_cross, kennysheep_generic_room_16
Temple:   compressed_dpeg_triangle_lava_temple

Skill      XL: |  1  2  3  4  5  6  7  8 |
---------------+-------------------------+-----
Spellcasting   | 4 5 6 7 9 |  9.5
Conjurations   | 5 6 7 8 |  8.7
Hexes          | 1 2 3 5 6 8 |  8.0
Dodging        | |  2.4
Stealth        | |  2.4

Action                   |  1- 3 |  4- 6 |  7- 9 || total
-------------------------+-------+-------+-------++-------
Melee: Long sword        |       |     6 |       ||     6
       Rapier            |       |    12 |    11 ||    23
 Cast: Magic Dart        |    64 |   166 |   135 ||   365
       Fulminant Prism   |       |       |    28 ||    28
       Dazzling Flash    |       |       |     3 ||     3
Evoke: Wand              |       |    10 |     1 ||    11
 Stab: Paralysed         |       |    11 |     3 ||    14
       Invisible         |       |       |     1 ||     1
Armor: Robe              |     2 |     4 |     3 ||     9
Dodge: Dodged            |     6 |    18 |    28 ||    52
